[Event "ICC tourney 2161 (75 10)"]
[Site "Internet Chess Club"]
[Date "2020.11.27"]
[Round "3"]
[White "ivo20"]
[Black "yogokings12"]
[Result "0-1"]
[ICCResult "White resigns"]
[WhiteElo "1416"]
[BlackElo "1669"]
[Opening "Queen's pawn game"]
[ECO "D00"]
[NIC "QP.07"]
[Time "18:32:03"]
[PlyCount "98"]
[TimeControl "4500+10"]


1. d4 Nf6 2. Nc3 d5 3. a3 g6 4. h3 Bg7 5. Nf3 c5 6. e3 cxd4 7. Nxd4 e5 8.
Nde2 O-O 9. Ng3 Nc6 10. Be2 d4 11. exd4 exd4 12. Nce4 Nxe4 13. Nxe4 Re8 14.
O-O Rxe4 15. Bd2 Re8 16. Bc4 Be6 17. Bd3 Ne5 18. Be2 Bc4 19. Bxc4 Nxc4 20.
Rb1 Nxd2 21. Qxd2 Qd7 22. Rfd1 Qc6 23. Qd3 Rac8 24. Rd2 Qc4 25. Qf3 Qc6 26.
Qd3 Re6 27. Rbd1 Rce8 28. Kf1 b5 29. Qb3 Qc4+ 30. Qd3 Qxd3+ 31. Rxd3 Re2
32. c3 dxc3 33. bxc3 Ra2 34. Rd5 a6 35. Rd7 Ree2 36. Ra7 Rxf2+ 37. Kg1
Rxg2+ 38. Kh1 Rh2+ 39. Kg1 Bxc3 40. Rdd7 Rag2+ 41. Kf1 Rf2+ 42. Kg1 Rhg2+
43. Kh1 Be5 44. Rxa6 Kg7 45. Raa7 Bh2 46. Rxf7+ Rxf7 47. Rxf7+ Kxf7 48.
Kxg2 Bd6 49. Kf3 Bxa3 { White resigns } 0-1

[Event "ICC tourney 2161 (75 10)"]
[Site "Internet Chess Club"]
[Date "2020.11.27"]
[Round "3"]
[White "Tomasleo"]
[Black "lerui"]
[Result "1-0"]
[ICCResult "Black checkmated"]
[WhiteElo "1416"]
[BlackElo "1146"]
[Opening "Scotch: Göring gambit"]
[ECO "C44"]
[NIC "SO.06"]
[Time "18:32:10"]
[PlyCount "27"]
[TimeControl "4500+10"]


1. e4 e5 2. Nf3 Nc6 3. d4 exd4 4. c3 dxc3 5. Bc4 h6 6. Nxc3 Bc5 7. Qb3 Qe7
8. Nd5 Qxe4+ 9. Be3 Bxe3 10. fxe3 Kd8 11. O-O Na5 12. Qc3 Qxc4 13. Qxg7
Qxd5 14. Qf8# { Black checkmated } 1-0

[Event "ICC tourney 2161 (75 10)"]
[Site "Internet Chess Club"]
[Date "2020.11.27"]
[Round "3"]
[White "lovechess12"]
[Black "donquiscot"]
[Result "0-1"]
[ICCResult "White resigns"]
[WhiteElo "1285"]
[BlackElo "1585"]
[Opening "French: Tarrasch, closed variation"]
[ECO "C05"]
[NIC "FR.17"]
[Time "18:32:16"]
[PlyCount "98"]
[TimeControl "4500+10"]


1. e4 e6 2. d4 d5 3. Nd2 Nf6 4. e5 Nfd7 5. Bd3 c5 6. c3 Nc6 7. Ngf3 cxd4 8.
cxd4 Qb6 9. Nb3 a5 10. Be3 a4 11. Nbd2 Qxb2 12. O-O Qb6 13. Rb1 Qc7 14. Qe2
Nb4 15. Rfc1 Qa5 16. Nf1 Nxd3 17. Qxd3 Be7 18. Bg5 Qd8 19. Bd2 O-O 20. Ng3
Re8 21. Ne1 Nf8 22. Nc2 Ng6 23. Rf1 b5 24. Bb4 Bxb4 25. Nxb4 Qe7 26. a3 Nf4
27. Qd2 Qg5 28. Qc2 Bd7 29. Nd3 Rac8 30. Qd1 Rc4 31. Rb4 Rec8 32. Nc5 Be8
33. Rxc4 dxc4 34. Nce4 Qe7 35. Qg4 Ng6 36. Nd6 Rb8 37. Nge4 Bc6 38. Nc5 Bd5
39. f4 f5 40. exf6 Qxd6 41. fxg7 Kxg7 42. f5 exf5 43. Rxf5 Rf8 44. Rg5 Rf4
45. Rxd5 Qxd5 46. Ne6+ Kf7 47. Ng5+ Kg8 48. Qc8+ Rf8 49. Qc7 Qxg5 { White
resigns } 0-1

[Event "ICC tourney 2161 (75 10)"]
[Site "Internet Chess Club"]
[Date "2020.11.27"]
[Round "3"]
[White "davidtxie"]
[Black "stephenwilly"]
[Result "0-1"]
[ICCResult "White resigns"]
[WhiteElo "1682"]
[BlackElo "1445"]
[Opening "Vienna gambit"]
[ECO "C29"]
[NIC "VG.03"]
[Time "18:32:17"]
[PlyCount "30"]
[TimeControl "4500+10"]


1. e4 e5 2. Nc3 Nf6 3. f4 d5 4. fxe5 Nxe4 5. Nf3 Bc5 6. d4 Bb6 7. Qe2 Nc6
8. Nxe4 dxe4 9. Qxe4 Nxd4 10. Nxd4 Qxd4 11. Bb5+ c6 12. Bxc6+ bxc6 13.
Qxc6+ Ke7 14. h3 Qf2+ 15. Kd1 Rd8+ { White resigns } 0-1

[Event "ICC tourney 2161 (75 10)"]
[Site "Internet Chess Club"]
[Date "2020.11.27"]
[Round "3"]
[White "jHanna"]
[Black "atharvamchess"]
[Result "1-0"]
[ICCResult "Black checkmated"]
[WhiteElo "1790"]
[BlackElo "1502"]
[Opening "QGD: exchange variation"]
[ECO "D35"]
[NIC "TD.08"]
[Time "18:32:19"]
[PlyCount "47"]
[TimeControl "4500+10"]


1. d4 d5 2. c4 e6 3. Nc3 Nf6 4. cxd5 Nxd5 5. e4 Nxc3 6. bxc3 c5 7. Nf3 cxd4
8. cxd4 Bb4+ 9. Bd2 Bxd2+ 10. Qxd2 b6 11. Bd3 O-O 12. O-O Bb7 13. e5 Bxf3
14. gxf3 Nc6 15. Rad1 Qd7 16. Kh1 Rac8 17. Rg1 g6 18. Rg4 Rfd8 19. Qh6 Ne7
20. Rh4 Nf5 21. Qxh7+ Kf8 22. Qh8+ Ke7 23. Qf6+ Ke8 24. Rh8# { Black
checkmated } 1-0

[Event "ICC tourney 2161 (75 10)"]
[Site "Internet Chess Club"]
[Date "2020.11.27"]
[Round "3"]
[White "ChessG2011"]
[Black "atjn494"]
[Result "0-1"]
[ICCResult "White resigns"]
[WhiteElo "1200"]
[BlackElo "1568"]
[Opening "Pirc: classical system, 5.Be2"]
[ECO "B06"]
[NIC "PU.03"]
[Time "18:32:04"]
[PlyCount "72"]
[TimeControl "4500+10"]


1. e4 g6 2. d4 Bg7 3. Nf3 d6 4. Nc3 Nf6 5. Be2 O-O 6. O-O Nbd7 7. Be3 e5 8.
d5 Ne8 9. Qd2 f5 10. Qd3 f4 11. Bd2 Nc5 12. Qc4 Bd7 13. Na4 b5 14. Qb4 bxa4
15. b3 axb3 16. axb3 Nf6 17. Bd3 Rb8 18. Qc3 Ncxe4 19. Bxe4 Nxe4 20. Qd3
Nxd2 21. Nxd2 Bb5 22. c4 Bd7 23. Rxa7 Bf5 24. Qe2 Ra8 25. Raa1 Rxa1 26.
Rxa1 e4 27. Rc1 Re8 28. Nf1 f3 29. gxf3 Qg5+ 30. Ng3 Qxc1+ 31. Kg2 exf3+
32. Qxf3 Qb1 33. Qf4 Qxb3 34. Qf3 Qxf3+ 35. Kxf3 Bd3 36. c5 dxc5 { White
resigns } 0-1

[Event "ICC tourney 2161 (75 10)"]
[Site "Internet Chess Club"]
[Date "2020.11.27"]
[Round "3"]
[White "JonesGill"]
[Black "MYMChessWyatt"]
[Result "0-1"]
[ICCResult "White checkmated"]
[WhiteElo "1228"]
[BlackElo "1215"]
[Opening "Sicilian: closed"]
[ECO "B23"]
[NIC "SI.44"]
[Time "18:32:10"]
[PlyCount "70"]
[TimeControl "4500+10"]


1. e4 c5 2. Nc3 d6 3. f4 e6 4. Nf3 a6 5. Be2 b5 6. d3 Bb7 7. O-O Nd7 8. a3
Ngf6 9. Qe1 Be7 10. h3 O-O 11. g4 Qb6 12. Kg2 c4 13. f5 exf5 14. gxf5 cxd3
15. cxd3 Rfe8 16. Kh2 d5 17. e5 Nxe5 18. Bf4 Nxf3+ 19. Bxf3 d4 20. Bxb7
Qxb7 21. Ne4 Rac8 22. Rg1 Rc2+ 23. Rg2 Rec8 24. Qg3 Nh5 25. Qg4 Rxg2+ 26.
Kxg2 Rc2+ 27. Kh1 Nf6 28. Qd1 Rxb2 29. Qf3 Qc8 30. Ng3 Qc2 31. Qa8+ Bf8 32.
Nf1 Qxd3 33. Bh2 Ne4 34. Rc1 Qf3+ 35. Kg1 Qg2# { White checkmated } 0-1

[Event "ICC tourney 2161 (75 10)"]
[Site "Internet Chess Club"]
[Date "2020.11.27"]
[Round "3"]
[White "EW2006"]
[Black "Cooliguess"]
[Result "0-1"]
[ICCResult "White resigns"]
[WhiteElo "1249"]
[BlackElo "1750"]
[Opening "Sicilian"]
[ECO "B50"]
[NIC "SI.01"]
[Time "18:32:17"]
[PlyCount "138"]
[TimeControl "4500+10"]


1. e4 c5 2. Nf3 d6 3. Bc4 Nf6 4. d3 Nc6 5. h3 g6 6. Nc3 Bg7 7. Be3 O-O 8.
Rb1 Na5 9. Ne2 Nxc4 10. dxc4 Nxe4 11. Qd5 Nf6 12. Qd2 Be6 13. b3 Ne4 14.
Qc1 Qa5+ 15. Bd2 Qxa2 16. c3 Nxd2 17. Nxd2 Qa6 18. O-O b5 19. cxb5 Qxb5 20.
c4 Qb7 21. Nf3 Bxh3 22. gxh3 Qxf3 23. Qe3 Qxe3 24. fxe3 Rab8 25. Rfd1 Rb7
26. Rd2 Rfb8 27. Nc1 a5 28. Ra2 Bc3 29. Kf2 Ra7 30. Ra4 Kg7 31. Ke2 Kf6 32.
Kd3 Bb4 33. Ne2 e5 34. h4 Re7 35. Rf1+ Kg7 36. Ng3 f5 37. Ne2 Kf6 38. Kc2
h6 39. Rg1 Rh7 40. Raa1 g5 41. hxg5+ hxg5 42. Rg2 Rbh8 43. Rag1 Rg7 44. Kd3
e4+ 45. Kc2 Rh3 46. Rg3 Rxg3 47. Rxg3 Be1 48. Rg2 Rh7 49. Kd1 Bh4 50. Nc3
Ke5 51. Ra2 g4 52. Rh2 Rh6 53. Nd5 Bg5 54. Rxh6 Bxh6 55. Ke1 f4 56. exf4+
Bxf4 57. Ke2 g3 58. Nc3 e3 59. Kf3 Bg5 60. Ne2 d5 61. cxd5 Kxd5 62. Kxg3 c4
63. bxc4+ Kxc4 64. Kg4 Be7 65. Nc1 a4 66. Kf3 Bc5 67. Na2 Kb3 68. Nc1+ Kc2
69. Ne2 a3 { White resigns } 0-1

[Event "ICC tourney 2161 (75 10)"]
[Site "Internet Chess Club"]
[Date "2020.11.27"]
[Round "3"]
[White "Aserah"]
[Black "Jeffchess"]
[Result "1-0"]
[ICCResult "Black checkmated"]
[WhiteElo "1504"]
[BlackElo "1236"]
[Opening "Réti opening"]
[ECO "A04"]
[NIC "QP.11"]
[Time "18:32:02"]
[PlyCount "133"]
[TimeControl "4500+10"]


1. Nf3 c6 2. g3 a6 3. Bg2 e6 4. O-O h6 5. d3 d5 6. e4 dxe4 7. dxe4 Qxd1 8.
Rxd1 Nf6 9. Nc3 Bb4 10. e5 Bxc3 11. bxc3 Nd5 12. c4 Nb6 13. c5 Nd5 14. Bb2
Nd7 15. Bd4 O-O 16. c3 f5 17. exf6 N7xf6 18. Ne5 Rd8 19. Rab1 Nd7 20. Nc4
Rb8 21. Re1 N7f6 22. Nd6 b5 23. Nxc8 Rbxc8 24. Rxe6 Kf7 25. Re2 Re8 26.
Rbe1 Rcd8 27. Bf1 b4 28. cxb4 Nxb4 29. Bxf6 gxf6 30. Re4 a5 31. Bc4+ Nd5
32. Rxe8 Rxe8 33. Rd1 Re5 34. f4 Rf5 35. Bd3 Rh5 36. Be2 Rf5 37. Bg4 Ne3
38. Rd7+ Ke6 39. Bxf5+ Nxf5 40. Ra7 Kd5 41. Rxa5 Nd4 42. Kf2 Kc4 43. Ke3
Nc2+ 44. Ke4 Kb4 45. Ra8 Kxc5 46. Kf5 Ne3+ 47. Kxf6 Ng4+ 48. Kg6 Nxh2 49.
Kxh6 Ng4+ 50. Kg5 Nf2 51. f5 Kc4 52. g4 Ne4+ 53. Kg6 Nf2 54. g5 Ng4 55. f6
c5 56. f7 Ne5+ 57. Kg7 Nd7 58. f8=Q Nxf8 59. Kxf8 Kc3 60. g6 Kc2 61. g7 c4
62. g8=Q c3 63. Rc8 Kb2 64. Qb3+ Ka1 65. Qxc3+ Kxa2 66. Qb4 Ka1 67. Ra8# {
Black checkmated } 1-0

[Event "ICC tourney 2161 (75 10)"]
[Site "Internet Chess Club"]
[Date "2020.11.27"]
[Round "3"]
[White "AbleCompany"]
[Black "falcongw"]
[Result "1-0"]
[ICCResult "Black checkmated"]
[WhiteElo "1568"]
[BlackElo "1256"]
[Opening "Ruy Lopez: Anderssen variation"]
[ECO "C77"]
[NIC "RL.12"]
[Time "18:32:28"]
[PlyCount "139"]
[TimeControl "4500+10"]


1. e4 e5 2. Nf3 Nc6 3. Bb5 a6 4. Ba4 Nf6 5. d3 Bb4+ 6. c3 Ba5 7. O-O d6 8.
Bg5 h6 9. Bxf6 Qxf6 10. Nbd2 Bg4 11. h3 Bh5 12. g4 Bg6 13. Nc4 b5 14. Nxa5
Nxa5 15. Bc2 h5 16. g5 Qf4 17. Qe2 f6 18. Qe3 fxg5 19. Nxg5 Qxe3 20. fxe3
O-O-O 21. Nf7 Bxf7 22. Rxf7 g5 23. a4 Nc6 24. axb5 axb5 25. Bb3 Kb7 26. Bd5
g4 27. c4 bxc4 28. Rc1 Rdf8 29. Rxf8 Rxf8 30. Rxc4 Rf3 31. hxg4 hxg4 32.
Rb4+ Kc8 33. Bxc6 Rxe3 34. Ra4 Kd8 35. Kf2 Rxd3 36. b4 Rc3 37. b5 Rb3 38.
Ra8+ Ke7 39. Rg8 Rb2+ 40. Kg3 Rb1 41. Rxg4 Rg1+ 42. Kh4 Rh1+ 43. Kg5 Rh7
44. Rh4 Rg7+ 45. Kf5 Rf7+ 46. Kg6 Rf6+ 47. Kg5 Rf7 48. Bd5 Rf8 49. Rh7+ Kd8
50. Rg7 Kc8 51. Rg8 Rxg8+ 52. Bxg8 Kb7 53. Bd5+ Kb6 54. Bc6 Kc5 55. Kf5 Kb6
56. Ke6 Kc5 57. Kd7 d5 58. Bxd5 Kxb5 59. Kxc7 Kc5 60. Kd7 Kd4 61. Ke6 Ke3
62. Kxe5 Kf2 63. Kf5 Kg1 64. e5 Kh2 65. e6 Kg1 66. e7 Kh2 67. e8=Q Kg1 68.
Qe3+ Kh2 69. Qf3 Kg1 70. Qg2# { Black checkmated } 1-0

[Event "ICC tourney 2161 (75 10)"]
[Site "Internet Chess Club"]
[Date "2020.11.27"]
[Round "3"]
[White "jason54312"]
[Black "MathMonkey"]
[Result "1/2-1/2"]
[ICCResult "Game drawn by repetition"]
[WhiteElo "1551"]
[BlackElo "1147"]
[Opening "Giuoco Pianissimo"]
[ECO "C55"]
[NIC "IG.01"]
[Time "18:32:02"]
[PlyCount "65"]
[TimeControl "4500+10"]


1. e4 e5 2. Nf3 Nc6 3. Bc4 Nf6 4. d3 Bc5 5. O-O h6 6. Be3 Bxe3 7. fxe3 O-O
8. Nbd2 d5 9. exd5 Nxd5 10. Qe2 Bg4 11. Ne4 Na5 12. Bb3 Nxb3 13. axb3 f5
14. Ng3 f4 15. exf4 exf4 16. Ne4 Ne3 17. Rf2 Bxf3 18. Qxf3 Qd4 19. Nc3 Nxc2
20. Ra4 Qb6 21. Rxf4 Rxf4 22. Qxf4 Qxb3 23. Qxc7 Re8 24. Ne4 Ne3 25. Nd2
Qd1+ 26. Nf1 Nxf1 27. Qf7+ Kh7 28. Rxf1 Re1 29. Qf5+ Kh8 30. Qf8+ Kh7 31.
Qf5+ Kh8 32. Qc8+ Kh7 33. Qf5+ { Game drawn by repetition } 1/2-1/2

[Event "ICC tourney 2161 (75 10)"]
[Site "Internet Chess Club"]
[Date "2020.11.27"]
[Round "3"]
[White "kwarrier"]
[Black "sushivishwa"]
[Result "1-0"]
[ICCResult "Black checkmated"]
[WhiteElo "1472"]
[BlackElo "1755"]
[Opening "Scotch gambit: Dubois-Réti defense"]
[ECO "C55"]
[NIC "KP.02"]
[Time "18:32:08"]
[PlyCount "93"]
[TimeControl "4500+10"]


1. e4 e5 2. Nf3 Nc6 3. d4 exd4 4. Bc4 Nf6 5. e5 d5 6. Bb5 Ne4 7. Nxd4 Bd7
8. Bxc6 bxc6 9. O-O Bc5 10. Be3 Qb8 11. Nc3 Qxb2 12. Nxe4 dxe4 13. e6 O-O-O
14. exd7+ Rxd7 15. Qg4 Bxd4 16. Rad1 c5 17. Qxe4 Qb7 18. Qxb7+ Kxb7 19. c3
Bxe3 20. Rxd7 Bg5 21. c4 Rf8 22. Rd5 Be7 23. Re1 Bd6 24. Rd3 Kc6 25. Rb3
Rd8 26. g3 Bf8 27. Kg2 g6 28. Ra3 Ra8 29. Ra6+ Kd7 30. Rf6 Rb8 31. Rxf7+
Kc6 32. Rxh7 Rb2 33. Rf7 Bd6 34. Rf6 Rxa2 35. Rxg6 Rc2 36. h4 a5 37. h5 a4
38. h6 a3 39. h7 a2 40. h8=Q a1=Q 41. Qxa1 Rxf2+ 42. Kxf2 Kd7 43. Qa4+ c6
44. Qa7+ Bc7 45. Rd1+ Ke8 46. Qxc7 Kf8 47. Rd8# { Black checkmated } 1-0

[Event "ICC tourney 2161 (75 10)"]
[Site "Internet Chess Club"]
[Date "2020.11.27"]
[Round "3"]
[White "UltimateDL"]
[Black "bombsquad"]
[Result "1-0"]
[ICCResult "Black resigns"]
[WhiteElo "1480"]
[BlackElo "1682"]
[Opening "Scandinavian: Marshall variation"]
[ECO "B01"]
[NIC "SD.03"]
[Time "18:32:12"]
[PlyCount "77"]
[TimeControl "4500+10"]


1. e4 d5 2. exd5 Nf6 3. d4 Nxd5 4. c4 Nf6 5. Nf3 Bg4 6. Be2 c5 7. dxc5
Qxd1+ 8. Bxd1 e6 9. Be3 Nc6 10. Nc3 a6 11. O-O Be7 12. h3 Bf5 13. Ba4 O-O
14. Bxc6 bxc6 15. Rad1 Rfd8 16. Nd4 Bxc5 17. Nxf5 Bxe3 18. Nxe3 Rab8 19. b3
Kf8 20. Ne2 c5 21. Ng4 Nxg4 22. hxg4 Ke7 23. Nc3 Rd4 24. Rxd4 cxd4 25. Ne4
g6 26. g5 d3 27. Rd1 Rd8 28. f3 e5 29. Kf2 Ke6 30. Ke3 h6 31. g4 h5 32.
Nc5+ Ke7 33. Rxd3 Rd4 34. Rxd4 exd4+ 35. Kxd4 h4 36. Ne4 h3 37. Nf2 h2 38.
Ke5 a5 39. a3 { Black resigns } 1-0

[Event "ICC tourney 2161 (75 10)"]
[Site "Internet Chess Club"]
[Date "2020.11.27"]
[Round "3"]
[White "CheddarCheng1"]
[Black "handsomematch"]
[Result "1/2-1/2"]
[ICCResult "Game drawn by mutual agreement"]
[WhiteElo "1463"]
[BlackElo "1222"]
[Opening "Giuoco Piano"]
[ECO "C54"]
[NIC "IG.02"]
[Time "18:32:49"]
[PlyCount "91"]
[TimeControl "4500+10"]


1. e4 e5 2. Nf3 Nc6 3. Bc4 Bc5 4. c3 Nf6 5. d3 a6 6. O-O d6 7. b4 Ba7 8.
Be3 Bg4 9. a4 Bxe3 10. fxe3 O-O 11. Nbd2 Qd7 12. d4 Rfe8 13. Qc2 Rad8 14.
Rad1 Bh5 15. Bd3 Bg6 16. c4 Nxb4 17. Qb3 Nxd3 18. Qxd3 Qxa4 19. Rb1 b6 20.
d5 Qd7 21. Nh4 Ra8 22. Nxg6 hxg6 23. Nf3 a5 24. Nh4 Qe7 25. Qe2 Nxd5 26.
Nxg6 fxg6 27. exd5 Rf8 28. Qg4 Qe8 29. Rxf8+ Kxf8 30. Rf1+ Kg8 31. Ra1 Qf7
32. Rf1 Qe8 33. Ra1 a4 34. Ra3 b5 35. cxb5 Qxb5 36. Qxg6 Qxd5 37. Rd3 Qf7
38. Qe4 Rf8 39. h3 Qf5 40. Qc4+ Kh8 41. Qh4+ Qh7 42. Qc4 Ra8 43. Ra3 Qb1+
44. Kh2 Qd1 45. Qh4+ Kg8 46. Qc4+ { Game drawn by mutual agreement }
1/2-1/2

[Event "ICC tourney 2161 (75 10)"]
[Site "Internet Chess Club"]
[Date "2020.11.27"]
[Round "3"]
[White "MehPlayer"]
[Black "ChunkyApple"]
[Result "1-0"]
[ICCResult "Black resigns"]
[WhiteElo "1548"]
[BlackElo "1286"]
[Opening "Queen's pawn, Mason variation"]
[ECO "D00"]
[NIC "QP.08"]
[Time "18:32:23"]
[PlyCount "57"]
[TimeControl "4500+10"]


1. d4 d5 2. Bf4 Nf6 3. e3 Nc6 4. c4 e6 5. Nc3 Bb4 6. Nf3 Ne4 7. Qc2 O-O 8.
cxd5 Bxc3+ 9. bxc3 exd5 10. Bd3 Re8 11. O-O h6 12. Ne5 Nxe5 13. Bxe5 f6 14.
Bf4 b6 15. c4 c6 16. cxd5 cxd5 17. Rac1 Be6 18. Bxe4 dxe4 19. Qxe4 Bxa2 20.
Qg6 Bf7 21. Qg3 Rc8 22. Bxh6 g5 23. h4 Kh7 24. hxg5 fxg5 25. Bxg5 Qd5 26.
Rxc8 Rxc8 27. Qh3+ Kg6 28. Qh6+ Kf5 29. f3 { Black resigns } 1-0

[Event "ICC tourney 2161 (75 10)"]
[Site "Internet Chess Club"]
[Date "2020.11.27"]
[Round "3"]
[White "Purushottam123"]
[Black "Priccchess"]
[Result "0-1"]
[ICCResult "White checkmated"]
[WhiteElo "1572"]
[BlackElo "1777"]
[Opening "Philidor: exchange variation"]
[ECO "C41"]
[NIC "KP.08"]
[Time "18:32:34"]
[PlyCount "144"]
[TimeControl "4500+10"]


1. e4 e5 2. Nf3 d6 3. d4 exd4 4. Qxd4 Nf6 5. Nc3 Be7 6. Bb5+ Bd7 7. Bg5 a6
8. Bxd7+ Nbxd7 9. O-O-O h6 10. Bh4 O-O 11. e5 dxe5 12. Nxe5 Nxe5 13. Qxe5
Bd6 14. Qf5 Qd7 15. Qf3 Nh7 16. Ne4 Qa4 17. Kb1 Be5 18. Bg3 Bxg3 19. Nxg3
Ng5 20. Qc3 Ne4 21. Nxe4 Qxe4 22. Rhe1 Qh4 23. Qf3 Rad8 24. h3 c6 25. a3
Rxd1+ 26. Rxd1 Rd8 27. Rxd8+ Qxd8 28. Kc1 Qg5+ 29. Kd1 Qe5 30. b4 Qd4+ 31.
Ke2 Kf8 32. Qd3 Qe5+ 33. Kf3 Ke7 34. c4 Ke6 35. g3 f5 36. Kg2 Qe4+ 37.
Qxe4+ fxe4 38. f4 exf3+ 39. Kxf3 Ke5 40. Ke3 b6 41. Kd3 b5 42. cxb5 cxb5
43. Ke3 g6 44. Kd3 Kd5 45. Kd2 Kd4 46. g4 g5 47. Ke2 Kc3 48. Kf3 Kb3 49.
Ke4 Kxa3 50. Kf5 Kxb4 51. Kg6 a5 52. Kxh6 a4 53. Kxg5 a3 54. h4 a2 55. h5
a1=Q 56. h6 Qe5+ 57. Kg6 Qh8 58. g5 Kc5 59. Kf7 Qh7+ 60. Kf6 b4 61. g6 Qxh6
62. Ke5 Qg5+ 63. Ke4 Qxg6+ 64. Ke3 Qd6 65. Kf3 Qe5 66. Kf2 Qe4 67. Kg3 Qf5
68. Kh4 Qg6 69. Kh3 Kd4 70. Kh2 Ke3 71. Kh3 Kf3 72. Kh4 Qh6# { White
checkmated } 0-1

[Event "ICC tourney 2161 (75 10)"]
[Site "Internet Chess Club"]
[Date "2020.11.27"]
[Round "3"]
[White "ChessMindTT"]
[Black "kevin2010"]
[Result "1-0"]
[ICCResult "Black resigns"]
[WhiteElo "1417"]
[BlackElo "1154"]
[Opening "Sicilian: Kan, 5.Nc3"]
[ECO "B43"]
[NIC "SI.41"]
[Time "18:32:07"]
[PlyCount "55"]
[TimeControl "4500+10"]


1. e4 c5 2. Nf3 e6 3. d4 cxd4 4. Nxd4 a6 5. Nc3 Qc7 6. a3 Nf6 7. Be3 Bc5 8.
Qd2 Nc6 9. Nxe6 fxe6 10. Bxc5 Ne5 11. Bd6 Qa5 12. b4 Nc4 13. Bxc4 Qb6 14.
e5 Ng4 15. h3 Nh6 16. Qg5 Nf5 17. Rd1 Nxd6 18. exd6 O-O 19. Qc5 Qd8 20. O-O
b6 21. Qe5 Bb7 22. f4 Rf5 23. Qxf5 Kh8 24. Bxe6 dxe6 25. Qxe6 Qf8 26. Qe7
Qxe7 27. dxe7 Re8 28. Rd8 { Black resigns } 1-0

[Event "ICC tourney 2161 (75 10)"]
[Site "Internet Chess Club"]
[Date "2020.11.27"]
[Round "3"]
[White "RaymondJiang1"]
[Black "trucker"]
[Result "0-1"]
[ICCResult "White checkmated"]
[WhiteElo "1456"]
[BlackElo "1664"]
[Opening "Giuoco Pianissimo: Italian four knights variation"]
[ECO "C50"]
[NIC "IG.02"]
[Time "18:32:08"]
[PlyCount "76"]
[TimeControl "4500+10"]


1. e4 e5 2. Nf3 Nc6 3. Bc4 Bc5 4. Nc3 Nf6 5. d3 d6 6. h3 a6 7. Bg5 h6 8.
Be3 Bxe3 9. fxe3 Ne7 10. O-O O-O 11. d4 Ng6 12. Qd3 Qe7 13. Rad1 Be6 14.
Nd5 Bxd5 15. exd5 e4 16. Qe2 exf3 17. Rxf3 Ne4 18. Bd3 Rae8 19. Re1 f5 20.
Ref1 Qg5 21. Kh2 Nh4 22. Rf4 Ng3 23. Qf2 Nxf1+ 24. Bxf1 Ng6 25. Rf3 f4 26.
exf4 Rxf4 27. Rxf4 Qxf4+ 28. Qxf4 Nxf4 29. Bc4 b5 30. Bb3 Re2 31. Kg3 g5
32. Kf3 Rxg2 33. h4 Kg7 34. hxg5 hxg5 35. Ke4 Kf6 36. Kf3 Kf5 37. c4 g4+
38. Ke3 Re2# { White checkmated } 0-1

[Event "ICC tourney 2161 (75 10)"]
[Site "Internet Chess Club"]
[Date "2020.11.27"]
[Round "3"]
[White "LittleJimmy"]
[Black "ZYCON"]
[Result "1/2-1/2"]
[ICCResult "Game drawn by mutual agreement"]
[WhiteElo "1489"]
[BlackElo "1400"]
[Opening "Sicilian: dragon, Yugoslav attack, 10.O-O-O"]
[ECO "B78"]
[NIC "SI.18"]
[Time "18:32:14"]
[PlyCount "63"]
[TimeControl "4500+10"]


1. e4 c5 2. Nf3 Nc6 3. d4 cxd4 4. Nxd4 Nf6 5. Nc3 g6 6. Be3 Bg7 7. f3 O-O
8. Bc4 d6 9. Qd2 Bd7 10. O-O-O Ne5 11. Bb3 a6 12. g4 Rc8 13. h4 Nc4 14.
Bxc4 Rxc4 15. h5 Qa5 16. hxg6 fxg6 17. Nb3 Qc7 18. Kb1 Be6 19. Bh6 Rc8 20.
Bxg7 Kxg7 21. Nd4 Bg8 22. g5 Nh5 23. f4 b5 24. Nd5 Qb7 25. Rxh5 gxh5 26.
Qe2 Bf7 27. f5 Rh8 28. f6+ exf6 29. gxf6+ Kf8 30. Ne7 Bg6 31. Ne6+ Kf7 32.
Rxd6 { Game drawn by mutual agreement } 1/2-1/2

[Event "ICC tourney 2161 (75 10)"]
[Site "Internet Chess Club"]
[Date "2020.11.27"]
[Round "3"]
[White "beibeiolivia"]
[Black "mrerikchin"]
[Result "1/2-1/2"]
[ICCResult "Game drawn by repetition"]
[WhiteElo "1455"]
[BlackElo "1636"]
[Opening "Sicilian: Alapin's variation (2.c3)"]
[ECO "B22"]
[NIC "SI.47"]
[Time "18:32:19"]
[PlyCount "60"]
[TimeControl "4500+10"]


1. e4 c5 2. c3 Nf6 3. e5 Nd5 4. d4 cxd4 5. cxd4 Nc6 6. Nf3 d6 7. exd6 Qxd6
8. Nc3 Bg4 9. Be2 e6 10. O-O Be7 11. h3 Bh5 12. Be3 O-O 13. Rc1 Nxe3 14.
fxe3 Rfd8 15. Nd2 Bxe2 16. Qxe2 Nxd4 17. exd4 Qxd4+ 18. Rf2 Bh4 19. Nf3
Bxf2+ 20. Qxf2 Qf4 21. Re1 b6 22. Re4 Qf6 23. Re1 Rd7 24. Qe3 Rad8 25. Qe5
Qg6 26. Qe4 Qh5 27. Qe5 Qg6 28. Qe4 Qh5 29. Qe5 Qg6 30. Qe4 Qh5 { Game
drawn by repetition } 1/2-1/2

[Event "ICC tourney 2161 (75 10)"]
[Site "Internet Chess Club"]
[Date "2020.11.27"]
[Round "3"]
[White "charismaticl33"]
[Black "JavierDix"]
[Result "0-1"]
[ICCResult "White resigns"]
[WhiteElo "1625"]
[BlackElo "1421"]
[Opening "French: classical, Steinitz variation"]
[ECO "C14"]
[NIC "FR.06"]
[Time "18:32:41"]
[PlyCount "99"]
[TimeControl "4500+10"]


1. e4 e6 2. d4 d5 3. Nc3 Nf6 4. Bg5 Be7 5. e5 Nfd7 6. Bxe7 Qxe7 7. f4 c5 8.
Nf3 cxd4 9. Nxd4 Nc6 10. Ndb5 O-O 11. Bd3 Nc5 12. Nd6 Nxd3+ 13. cxd3 Nd4
14. O-O Nf5 15. Nxf5 exf5 16. Kh1 Qd7 17. d4 a6 18. Na4 Qd8 19. Qb3 Bd7 20.
Nb6 Bb5 21. Rfd1 Qxb6 22. a4 Rfe8 23. axb5 axb5 24. Qxd5 Rxa1 25. Rxa1 Rd8
26. Qc5 Qc6 27. Kg1 g6 28. Kf2 Qe4 29. g3 Qxd4+ 30. Qxd4 Rxd4 31. Ra8+ Kg7
32. Ra7 Rd2+ 33. Kg1 Rxb2 34. Rxb7 Kf8 35. h3 b4 36. e6 fxe6 37. Rxh7 b3
38. Rh8+ Kg7 39. Rb8 Rb1+ 40. Kg2 b2 41. g4 fxg4 42. hxg4 Kf6 43. Rb5 Ke7
44. f5 exf5 45. gxf5 gxf5 46. Kf2 Kf6 47. Ke2 Rh1 48. Kd3 b1=Q+ 49. Rxb1
Rxb1 50. Ke3 { White resigns } 0-1

[Event "ICC tourney 2161 (75 10)"]
[Site "Internet Chess Club"]
[Date "2020.11.27"]
[Round "3"]
[White "otcm"]
[Black "shrey16ultimate"]
[Result "0-1"]
[ICCResult "White checkmated"]
[WhiteElo "1448"]
[BlackElo "1606"]
[Opening "Queen's pawn game"]
[ECO "E10"]
[NIC "QI.01"]
[Time "18:32:16"]
[PlyCount "62"]
[TimeControl "4500+10"]


1. d4 Nf6 2. c4 e6 3. Nf3 d5 4. g3 c6 5. Bg2 Nbd7 6. O-O Bd6 7. Bg5 h6 8.
Bxf6 Nxf6 9. Nbd2 O-O 10. Qc2 Qe7 11. e4 dxe4 12. Nxe4 Nxe4 13. Qxe4 c5 14.
Rfd1 Rb8 15. Ne5 Qc7 16. Nf3 b6 17. d5 Bb7 18. Rd2 Rfe8 19. Qg4 exd5 20.
cxd5 Rbd8 21. Nh4 Bc8 22. Nf5 g6 23. Be4 Kh7 24. Rc1 gxf5 25. Bxf5+ Bxf5
26. Qxf5+ Kh8 27. Rc4 Be5 28. Rh4 Bg7 29. Rc2 Qe5 30. Qxf7 Qxd5 31. Qg6
Re1# { White checkmated } 0-1

[Event "ICC tourney 2161 (75 10)"]
[Site "Internet Chess Club"]
[Date "2020.11.27"]
[Round "3"]
[White "CoarseCrown"]
[Black "Niteshc"]
[Result "0-1"]
[ICCResult "White resigns"]
[WhiteElo "1744"]
[BlackElo "1630"]
[Opening "King's Indian, 3.Nf3"]
[ECO "E60"]
[NIC "KI.79"]
[Time "18:32:23"]
[PlyCount "56"]
[TimeControl "4500+10"]


1. d4 Nf6 2. c4 g6 3. Nf3 Bg7 4. g3 O-O 5. Bg2 d6 6. O-O Nbd7 7. d5 b6 8.
Nd4 Bb7 9. f4 Rc8 10. e4 Nc5 11. Nc3 e5 12. dxe6 fxe6 13. e5 Bxg2 14. Kxg2
dxe5 15. fxe5 Nfd7 16. Nc6 Rxf1 17. Qxf1 Qf8 18. Bg5 Qxf1+ 19. Rxf1 Rf8 20.
Rxf8+ Kxf8 21. Be7+ Ke8 22. Nb5 Nxe5 23. Bxc5 Nxc6 24. Be3 Bxb2 25. Nxc7+
Kd7 26. Na6 Kc8 27. Bd2 Ba3 28. Bf4 e5 { White resigns } 0-1